 Dungeon Crawl Stone Soup version 0.26.0-9-gab577f9fc5 (webtiles) character file.

Game seed: 18020397377063108321

8152 BOMJPIETVODKU the Carver (level 11, -3/97 HPs)
             Began as a Hill Orc Fighter on Jan 13, 2021.
             Was an Elder of Okawaru.
             Killed from afar by an electric eel (9 damage)
             ... with a bolt of electricity
             ... on level 10 of the Dungeon.
             The game lasted 01:05:07 (12314 turns).

BOMJPIETVODKU the Carver (Hill Orc Fighter)        Turns: 12314, Time: 01:05:07

Health: -3/97      AC: 20    Str: 23    XL:     11   Next: 26%
Magic:  12/12      EV:  6    Int:  8    God:    Okawaru [****..]
Gold:   609        SH: 12    Dex: 16    Spells: 10/10 levels left

rFire    . . .     SeeInvis .   q - +0 long sword (chaos)
rCold    . . .     Faith    .   c - +0 kite shield
rNeg     . . .     Spirit   .   B - +0 plate armour
rPois    .         Reflect  .   b - +0 helmet
rElec    .         Harm     .   o - +0 cloak
rCorr    .         Rampage  .   x - +1 pair of gloves
Will     .....                  n - +0 pair of boots
Stlth    ..........             v - amulet of regeneration
HPRegen  0.66/turn              l - ring of flight
MPRegen  0.13/turn              C - +6 ring of dexterity

@: no status effects
A: no striking features
a: Renounce Religion, Evoke Flight, Heroism


You were on level 10 of the Dungeon.
You worshipped Okawaru.
Okawaru was greatly pleased with you.
You visited 2 branches of the dungeon, and saw 11 of its levels.

You collected 609 gold pieces.

Inventory:

Hand Weapons
 e - a +0 short sword of protection
 q - a +0 long sword of chaos (weapon)
Missiles
 a - 2 throwing nets
 g - 7 atropa-tipped darts
 h - 102 stones
 u - 2 datura-tipped darts
 A - 12 poisoned darts (quivered)
Armour
 b - a +0 helmet (worn)
 c - a +0 kite shield (worn)
 n - a +0 pair of boots (worn)
 o - a +0 cloak (worn)
 x - a +1 pair of gloves (worn)
 B - a +0 plate armour (worn)
Jewellery
 l - a ring of flight (left hand)
 m - a +6 ring of intelligence
 t - an uncursed amulet of faith
 v - an amulet of regeneration (around neck)
 w - an uncursed amulet of reflection
 C - a +6 ring of dexterity (right hand)
Wands
 d - a wand of paralysis (1)
 y - a wand of flame (34)
 F - a wand of acid (8)
 I - a wand of disintegration (15)
Scrolls
 f - a scroll of blinking
 p - 2 scrolls of enchant armour
 r - 6 scrolls of remove curse
 z - 8 scrolls of identify
 D - a scroll of vulnerability
 E - 2 scrolls of enchant weapon
 G - a scroll of fear
 H - a scroll of holy word {unknown}
Potions
 i - 2 potions of magic
 j - a potion of attraction
 k - 4 potions of curing
 s - a potion of lignification


   Skills:
 * Level 9.6 Fighting
 * Level 11.9 Long Blades
 + Level 3.6 Throwing
 * Level 8.2 Armour
 - Level 1.1 Dodging
 - Level 0.2 Stealth
 + Level 8.2 Shields
 * Level 1.3 Invocations
 - Level 0.9 Evocations


You had 10 spell levels left.
You didn't know any spells.
Your spell library contained the following spells:

 Spells                   Type           Power        Failure   Level
 Magic Dart               Conj           0%           100%        1
 Searing Ray              Conj           0%           100%        2
 Dazzling Flash           Conj/Hex       0%           100%        3
 Fulminant Prism          Conj/Hex       0%           100%        4
 Iskenderun's Mystic Bla  Conj/Tloc      0%           100%        4


Dungeon Overview and Level Annotations

Branches:
Dungeon (10/15)            Temple (1/1) D:5            Lair (0/6) D:10
    Orc: D:9-12

Altars:
Ashenzari
Cheibriados
Dithmenos
Elyvilon
Gozag
Hepliaklqana
Kikubaaqudgha
Makhleb
Nemelex Xobeh
Okawaru
Qazlal
Sif Muna
Trog
Uskayaw
Vehumet
Wu Jian
Xom
Yredelemnul
Zin
The Shining One

Shops:
D:7 [


Message History

The electric eel shoots out a bolt of lightning at you!
The bolt of electricity hits you.
The electric eel shoots out a bolt of lightning at you!
The bolt of electricity hits you.
The electric eel shoots out a bolt of lightning at you!
The bolt of electricity hits you.
The electric eel shoots out a bolt of lightning at you!
The bolt of electricity hits you!
* * * LOW HITPOINT WARNING * * *
The electric eel shoots out a bolt of lightning at you!
The bolt of electricity hits you but does no damage.
The electric eel shoots out a bolt of lightning at you!
The bolt of electricity hits you!
* * * LOW HITPOINT WARNING * * *
The electric eel shoots out a bolt of lightning at you!
The bolt of electricity hits you!
* * * LOW HITPOINT WARNING * * *
The electric eel shoots out a bolt of lightning at you!
The bolt of electricity hits you!
You die...

#.........# ##.###....[......
#.........# ##.##...........
###################.##.#########
.≈.≈.≈.≈.≈.≈.≈.≈.≈.≈.≈.#
≈.≈.≈.≈.........≈.≈.≈.≈#
.≈.≈.≈...≈.≈.≈.≈.≈.≈.≈.#
≈.≈.≈.≈.≈.≈.....≈.≈.≈.≈#
.≈.≈.≈...≈.≈.≈.≈.≈.≈.≈.#
.≈.≈.≈.≈@≈.≈.......≈.≈.≈#
#≈.≈.≈.≈...≈.≈.≈.≈.≈.≈.≈.#
#.≈.≈.≈.≈.≈.≈.≈.....≈.≈.≈#
#≈.≈.≈.≈...≈.≈.≈.≈.≈.≈.≈.#
#.≈.≈.≈.≈...........≈.≈.≈#
#≈.≈.≈.≈.≈.≈.≈.≈.≈.......#
#.≈.≈.≈.≈.;.≈.≈.≈.≈.≈.≈.≈#
#≈.≈.≈.≈.;.≈.≈.≈.≈.≈.≈...#
#.≈.≈.≈.≈.≈.≈.≈.≈.≈.≈(≈.≈#


You could see 2 electric eels.

Vanquished Creatures
  Harold (D:10)
  2 two-headed ogres
  A dancing weapon (D:8)
  The ghost of rabbi the Cleaver, a novice OgBe of Trog (D:8)
  A centaur zombie (D:10)
  Maurice (D:10)
  Maggie (D:10)
  Sigmund (D:5)
  A wyvern (D:8)
  Eustachio (D:6)
  An orc warrior (D:8)
  2 necrophages
  A sky beast (D:8)
  4 ice beasts
  3 ogres
  3 centaurs
  Blork the orc (D:9)
  3 bullfrogs
  4 scorpions
  5 killer bees (D:10)
  4 jellies
  7 wights
  2 howler monkeys
  2 electric eels (D:10)
  2 bullfrog zombies (D:10)
  A quasit (D:9)
  5 orc priests
  4 hounds
  An iguana (D:7)
  6 orc wizards
  A bullfrog skeleton (D:6)
  5 worker ants
  A killer bee zombie (D:9)
  A worker ant zombie (D:8)
  Robin (D:4)
  A howler monkey zombie (D:8)
  4 gnolls (D:9)
  7 adders
  2 shadow imps (D:10)
  2 white imps
  4 ufetubi
  An adder skeleton (D:6)
  A worm (D:3)
  5 dart slugs
  2 leopard geckos (D:5)
  37 orcs
  A ball python (D:3)
  6 giant cockroaches
  13 goblins
  6 hobgoblins
  11 jackals
  5 quokkas
  9 bats
  2 frilled lizards (D:1)
  5 kobolds
  6 rats
211 creatures vanquished.

Vanquished Creatures (others)
  A wizard (D:6)
  2 jackals (D:1)
  A bat (D:1)
  2 fungi (D:5)
  3 plants (D:10)
  3 toadstools (D:5)
12 creatures vanquished.

Grand Total: 223 creatures vanquished

Notes
Turn   | Place    | Note
-------+----------+-------------------------------------------
     0 | D:1      | BOMJPIETVODKU the Hill Orc Fighter began the quest for the
                  | Orb.
     0 | D:1      | Reached XP level 1. HP: 19/19 MP: 1/1
   152 | D:1      | Reached XP level 2. HP: 27/27 MP: 2/2
  1001 | D:2      | Reached XP level 3. HP: 27/33 MP: 3/3
  1609 | D:3      | Reached XP level 4. HP: 40/40 MP: 4/4
  1677 | D:3      | Reached skill level 3 in Long Blades
  1677 | D:3      | Reached skill level 1 in Throwing
  1900 | D:3      | Reached XP level 5. HP: 44/47 MP: 5/5
  2644 | D:4      | Reached skill level 1 in Dodging
  2796 | D:4      | Noticed Robin
  2824 | D:4      | Killed Robin
  2975 | D:4      | Reached XP level 6. HP: 49/53 MP: 6/6
  3033 | D:4      | Reached skill level 4 in Long Blades
  3328 | D:4      | You fall into a shaft and drop 1 floor!
  3328 | D:5      | Entered Level 5 of the Dungeon
  3550 | D:5      | Found a staircase to the Ecumenical Temple.
  3558 | Temple   | Entered the Ecumenical Temple
  3717 | Temple   | Became a worshipper of Warmaster Okawaru
  4010 | D:5      | Noticed Sigmund
  4062 | D:5      | Killed Sigmund
  4062 | D:5      | Reached * piety under Okawaru
  4063 | D:5      | Reached skill level 5 in Long Blades
  4063 | D:5      | Reached skill level 5 in Shields
  4063 | D:5      | Reached XP level 7. HP: 41/60 MP: 7/7
  4574 | D:6      | Reached skill level 5 in Fighting
  5233 | D:6      | Reached skill level 6 in Long Blades
  5359 | D:5      | Reached XP level 8. HP: 48/68 MP: 8/8
  5480 | D:6      | Reached skill level 5 in Armour
  5700 | D:6      | Found a bloodstained altar of Trog.
  5703 | D:6      | Noticed a wizard
  5709 | D:6      | Killed a wizard
  5874 | D:6      | Reached skill level 7 in Long Blades
  5995 | D:6      | Noticed Eustachio
  6012 | D:6      | Killed Eustachio
  6012 | D:6      | Reached ** piety under Okawaru
  6236 | D:7      | Reached skill level 8 in Long Blades
  6558 | D:7      | Got a shimmering leather armour
  6569 | D:7      | Identified the +2 leather armour of Fuetyown {*Slow rN++
                  | Will+++ Int+2} (You found it on level 7 of the Dungeon)
  6749 | D:7      | Reached XP level 9. HP: 78/78 MP: 9/9
  6902 | D:7      | Found Vycewe's Armour Shoppe.
  6942 | D:8      | Noticed a two-headed ogre
  6961 | D:7      | Killed a two-headed ogre
  6961 | D:7      | Reached *** piety under Okawaru
  6961 | D:7      | Reached **** piety under Okawaru
  6962 | D:7      | Reached skill level 9 in Long Blades
  7769 | D:8      | Found a runed translucent door.
  7774 | D:8      | Reached skill level 10 in Long Blades
  7774 | D:8      | Found a shimmering altar of Xom.
  7774 | D:8      | Noticed rabbi's ghost (novice OgBe)
  7775 | D:8      | Noticed a +0 long sword of chaos
  8054 | D:8      | Killed rabbi's ghost
  8055 | D:8      | Reached XP level 10. HP: 26/88 MP: 7/10
  8321 | D:8      | Killed a +0 long sword of chaos
  9041 | D:8      | Received a gift from Okawaru
  9088 | D:9      | Reached ***** piety under Okawaru
  9089 | D:9      | Reached skill level 11 in Long Blades
  9235 | D:9      | Noticed Blork the orc
  9636 | D:9      | Killed Blork the orc
  9641 | D:9      | Found a shimmering blue altar of Sif Muna.
 10511 | D:10     | Entered Level 10 of the Dungeon
 10533 | D:10     | Noticed a two-headed ogre
 10984 | D:9      | Killed a two-headed ogre
 10984 | D:9      | Received a gift from Okawaru
 11077 | D:10     | Noticed Maurice
 11077 | D:10     | Paralysed by Maurice for 4 turns
 11087 | D:10     | Paralysed by Maurice for 7 turns
 11117 | D:10     | Killed Maurice
 11202 | D:10     | Noticed Harold
 11214 | D:10     | Paralysed by Harold for 4 turns
 11276 | D:10     | Killed Harold
 11277 | D:10     | Reached XP level 11. HP: 34/97 MP: 11/11
 11742 | D:10     | Noticed Maggie
 11767 | D:10     | Killed Maggie
 11768 | D:10     | Reached skill level 1 in Invocations
 11866 | D:10     | Found a staircase to the Lair.
 12314 | D:10     | Killed from afar by an electric eel

Illustrated notes

Levels and vault maps discovered:
D:1:      scummos_arrival_simple_fountains, layout_loops_cross,
          lemuel_flame_loot_1
D:2:      layout_basic
D:3:      layout_loops_ring
D:4:      layout_basic, uniq_robin
D:5:      layout_loops_corners, minmay_temple_entry_large_hall,
          minmay_gold_behind_fungi, uniq_sigmund
D:6:      layout_rooms, trog_wizard, uniq_eustachio
D:7:      layout_rooms, serial_shops, shop
D:8:      layout_basic, ebering_ghost_xom
D:9:      layout_basic, tgw_sif
D:10:     layout_basic, david_lair_shrubbed, uniq_harold, uniq_maggie,
          uniq_maurice
Temple:   regret_index_temple_sigil_plot

Skill      XL: |  1  2  3  4  5  6  7  8  9 10 11 |
---------------+----------------------------------+-----
Fighting       | 4 5 6 8 9 |  9.6
Long Blades    | 3 5 6 8 10 11 | 11.9
Throwing       | 1 2 3 |  3.6
Armour         | 4 5 6 7 8 |  8.2
Shields        | 4 5 6 7 8 |  8.2
Dodging        | 1 |  1.1
Invocations    | 1 |  1.3
Stealth        | |  0.2
Evocations     | |  0.9

Action                   |  1- 3 |  4- 6 |  7- 9 | 10-12 || total
-------------------------+-------+-------+-------+-------++-------
Melee: Long sword        |    98 |   205 |   354 |   316 ||   973
Throw: Stone             |     4 |     4 |       |    75 ||    83
       Dart              |       |     3 |    21 |    18 ||    42
Invok: Heroism           |       |       |     1 |       ||     1
 Abil: Evoke Flight      |       |       |       |     1 ||     1
Evoke: Wand              |       |     2 |     3 |     5 ||    10
  Use: Potion            |       |     1 |    10 |       ||    11
       Scroll            |       |     7 |     2 |     5 ||    14
 Stab: Invisible         |       |       |     2 |       ||     2
       Confused          |       |       |       |     1 ||     1
Armor: Scale mail        |    60 |    51 |       |       ||   111
       Chain mail        |       |    32 |   165 |       ||   197
       Plate armour      |       |       |    20 |   151 ||   171
       Skin              |       |       |     4 |       ||     4
Dodge: Dodged            |    37 |    50 |   103 |    67 ||   257
Block: Kite shield       |    58 |   103 |   237 |   167 ||   565
       Rpst.: Long sword |    12 |    16 |    22 |    20 ||    70
